High Goats vs Tamiflu
Created - 17 mars 2013 at 18:57
Goals
|
| High Goats |
3 |
3 |
2 |
8 |
| Tamiflu |
2 |
1 |
2 |
5 |
|
Shots
|
| High Goats |
14 |
9 |
12 |
35 |
| Tamiflu |
12 |
18 |
13 |
43 |
|
1st period
1. High Goats , Chris Stewart 31 (Thomas Hickey, Joël Perrault) at 6:27
2. High Goats , Craig Weller 33 (Petteri Wirtanen, Chris Stewart) at 8:58
3. Tamiflu , Freddy Meyer 1 (Jani Rita, Greg Mauldin) at 13:46 (PP)
4. Tamiflu , Jani Rita 19 (Petr Pohl, Greg Mauldin) at 16:01
5. High Goats , Brad Larsen 19 (Anton Stralman) at 16:32
Penalties :
Arturs Kulda (Buc) for Roughing (Minor) at 12:41
2nd period
6. High Goats , Petteri Wirtanen 4 (Craig Weller, Pavel Brendl) at 4:21
7. High Goats , Joël Perrault 14 (Chris Stewart, Arturs Kulda) at 6:07
8. Tamiflu , Jani Rita 20 (Johan Fransson, Greg Mauldin) at 9:34
9. High Goats , Pavel Brendl 3 (Brad Larsen) at 11:50
Penalties :
No Penalty
3rd period
10. High Goats , Anton Stralman 5 (Craig Weller, Drayson Bowman) at 1:10
11. Tamiflu , Alex Picard 32 (Nate Thompson, Jonathan Sigalet) at 8:10
12. High Goats , Petteri Wirtanen 5 (Arturs Kulda) at 16:36
13. Tamiflu , Pavel Trnka 9 (Nate Thompson, Joe Fallon) at 19:08 (PP)
Penalties :
Jan Mursak (Det) for Hooking (Minor) at 4:45, Arturs Kulda (Buc) for Hooking (Minor) at 4:45, Pavel Trnka (Det) for Hooking (Minor) at 5:26, Craig Weller (Buc) for Hooking (Minor) at 5:26, Kyle Lawson (Det) for Hooking (Minor) at 14:09, Brandon Bollig (Buc) for Tripping (Minor) at 18:52
Goalie Stats
Al Montoya (Buc), 38 saves from 43 shots - (0,884), W, 6-8-1, 60:00 minutes
Joe Fallon (Det), 15 saves from 19 shots - (0,789), L, 2-3-1, 35:39 minutes
Jussi Markkanen (Det), 12 saves from 16 shots - (0,750), 24:21 minutes
Players Stats for High Goats
Player Name G A P +/- PIM S H SB GA TA FO MP PP MP PK MP
------------------------------------------------------------------------------------
Anton Stralman 1 1 2 0 0 1 1 3 1 1 0/0 29:15 1:12 0:55
Arturs Kulda 0 2 2 3 4 1 1 2 1 0 0/0 15:37 0:00 0:00
Brad Larsen 1 1 2 1 0 1 1 1 1 0 1/2 16:29 1:00 0:20
Brandon Bollig 0 0 0 0 2 0 0 0 0 0 0/0 8:32 0:00 0:00
Chris Stewart 1 2 3 2 0 9 2 1 0 1 0/2 19:12 0:00 0:20
Craig Weller 1 2 3 1 2 3 1 0 0 0 0/0 15:40 0:59 1:01
Dana Tyrell 0 0 0 0 0 0 0 0 0 0 1/3 7:07 0:00 0:00
David Laliberté 0 0 0 0 0 1 1 0 1 0 0/0 8:22 0:01 0:00
Drayson Bowman 0 1 1 3 0 2 0 0 0 0 0/0 12:22 0:00 0:00
Frederic St-Denis 0 0 0 3 0 1 3 1 0 0 0/0 14:36 0:00 0:26
Jiri Tlusty 0 0 0 2 0 1 1 0 0 1 2/2 19:51 0:59 0:00
Joël Perrault 1 1 2 2 0 4 2 0 0 1 18/40 20:05 0:59 0:00
John Erskine 0 0 0 0 0 3 2 6 0 1 0/0 29:15 1:12 0:55
Matt Taormina 0 0 0 3 0 0 0 1 1 0 0/0 12:47 0:47 0:00
Nick Bonino 0 0 0 1 0 2 0 0 0 0 2/10 15:49 0:59 0:00
Pavel Brendl 1 1 2 1 0 3 2 1 0 1 2/7 18:57 1:00 1:01
Petteri Wirtanen 2 1 3 2 0 2 1 2 0 0 4/10 13:31 0:00 0:00
Thomas Hickey 0 1 1 1 0 1 1 1 1 0 0/0 18:41 0:47 0:26
Players Stats for Tamiflu
Player Name G A P +/- PIM S H SB GA TA FO MP PP MP PK MP
------------------------------------------------------------------------------------
Alex Picard 1 0 1 0 0 8 3 0 1 1 3/5 23:17 0:54 0:58
Carson Mcmillan 0 0 0 -2 0 1 1 0 0 0 0/0 8:18 0:00 0:19
Colin Greening 0 0 0 -2 0 0 0 0 1 0 0/3 8:09 0:00 0:10
Freddy Meyer 1 0 1 -1 0 1 0 2 0 0 0/0 17:55 0:15 1:17
Greg Mauldin 0 3 3 -2 0 2 1 0 0 0 11/13 16:52 0:27 0:19
Jan Mursak 0 0 0 -2 2 0 2 0 0 0 1/1 8:11 0:00 0:00
Jani Rita 2 1 3 -2 0 6 1 0 2 0 0/0 16:31 0:27 0:42
Johan Fransson 0 1 1 0 0 1 1 0 0 1 0/0 15:19 0:00 0:42
Jonathan Sigalet 0 1 1 -3 0 6 2 2 0 1 0/0 30:46 1:06 0:58
Kyle Lawson 0 0 0 0 2 3 2 2 0 1 0/0 21:51 0:00 0:00
Mike Brown 0 0 0 -1 0 4 1 1 1 0 1/1 19:33 0:54 0:00
Nate Thompson 0 2 2 0 0 5 0 0 0 0 25/42 23:17 0:54 0:58
Nathan Oystrick 0 0 0 -1 0 0 2 1 0 0 0/0 5:01 0:15 0:00
Nick Spaling 0 0 0 -1 0 0 3 0 0 0 0/0 11:10 0:00 0:00
Pavel Trnka 1 0 1 -4 2 4 2 2 0 2 0/0 29:56 1:06 1:01
Petr Pohl 0 1 1 -2 0 0 2 0 1 0 2/3 16:08 0:27 0:00
Pierre Dagenais 0 0 0 -1 0 2 2 0 0 0 1/1 11:42 0:00 0:32
Tyler Haskins 0 0 0 -1 0 0 3 0 0 0 2/7 11:35 0:00 0:00
3 Stars
1 - Petteri Wirtanen (Buc)
2 - Chris Stewart (Buc)
3 - Joël Perrault (Buc)
Power Play
High Goats - 0 on 1 Attempt(s) - 0,00%
Tamiflu - 2 on 2 Attempt(s) - 100,00%
Penalty Kill
High Goats - 0 on 2 Attempt(s) - 0,00%
- Score 0 goal in Penalty Kill
Tamiflu - 1 on 1 Attempt(s) - 100,00%
- Score 0 goal in Penalty Kill
Official
Referees : Kimmerly Greg and Kowal Tom
Linesman : Andy McElman and Tim Nowak
Game Notes
Nathan Oystrick is injured at 15:23 of 1st period (Right Eye)
Joe Fallon enters game at 4:21 of 2nd period
High Goats
5 vs 5 Forward
Center Left Wing Right Wing Time % Phy DF OF
1 Joël Perrault Jiri Tlusty Chris Stewart 40 1 2 2
2 Nick Bonino Brad Larsen Pavel Brendl 30 1 2 2
3 Petteri Wirtanen Drayson Bowman Craig Weller 20 1 2 2
4 Dana Tyrell Brandon Bollig David Laliberté 10 1 2 2
5 vs 5 Defense
Defense Defense Time % Phy DF OF
1 Anton Stralman John Erskine 40 1 2 2
2 Thomas Hickey Arturs Kulda 30 1 2 2
3 Frederic St-Denis Matt Taormina 20 1 2 2
4 Anton Stralman John Erskine 10 1 2 2
PowerPlay Forward
Center Left Wing Right Wing Time % Phy DF OF
1 Joël Perrault Brad Larsen Pavel Brendl 60 1 2 2
2 Nick Bonino Jiri Tlusty Craig Weller 40 1 2 2
PowerPlay Defense
Defense Defense Time % Phy DF OF
1 Anton Stralman John Erskine 60 1 2 2
2 Matt Taormina Thomas Hickey 40 1 2 2
Penalty Kill 4 Players Forward
Center Wing Time % Phy DF OF
1 Pavel Brendl Craig Weller 60 1 2 2
2 Brad Larsen Chris Stewart 40 1 2 2
Penalty Kill 4 Players Defense
Defense Defense Time % Phy DF OF
1 Anton Stralman John Erskine 60 1 2 2
2 Arturs Kulda Frederic St-Denis 40 1 2 2
Penalty Kill - 3 Players Forward
Forward Time % Phy DF OF
1 Pavel Brendl 60 1 2 2
2 Craig Weller 40 1 2 2
Penalty Kill - 3 Players Defense
Defense Defense Time % Phy DF OF
1 Anton Stralman John Erskine 60 1 2 2
2 Arturs Kulda Frederic St-Denis 40 1 2 2
4 vs 4 Forward
Center Wing Time % Phy DF OF
1 Pavel Brendl Craig Weller 60 1 2 2
2 Brad Larsen Chris Stewart 40 1 2 2
4 vs 4 Defense
Defense Defense Time % Phy DF OF
1 Anton Stralman John Erskine 60 1 2 2
2 Thomas Hickey Frederic St-Denis 40 1 2 2
Last Minutes Offensive
Center Left Wing Right Wing Defense Defense
Joël Perrault Brad Larsen Chris Stewart Anton Stralman John Erskine
Last Minutes Defensive
Center Left Wing Right Wing Defense Defense
Joël Perrault Brad Larsen Chris Stewart Anton Stralman John Erskine
Goaltenders
Starting : Al Montoya
Backup : Jean-Sébastien Aubin
Extra Forwards
Normal : David Laliberté, Brandon Bollig, Petteri Wirtanen - PP : David Laliberté, Brandon Bollig - PK : Petteri Wirtanen
Extra Defensemen
Normal : Arturs Kulda, Thomas Hickey, Matt Taormina - PP : Arturs Kulda - PK : Thomas Hickey, Matt Taormina
Penalty Shots
Pavel Brendl, Craig Weller, Brad Larsen, Chris Stewart, Joël Perrault
Tamiflu
5 vs 5 Forward
Center Left Wing Right Wing Time % Phy DF OF
1 Nate Thompson Alex Picard Mike Brown 40 0 1 4
2 Greg Mauldin Jani Rita Petr Pohl 30 0 1 4
3 Tyler Haskins Nick Spaling Pierre Dagenais 20 0 2 3
4 Colin Greening Jan Mursak Carson Mcmillan 10 0 3 2
5 vs 5 Defense
Defense Defense Time % Phy DF OF
1 Jonathan Sigalet Pavel Trnka 40 0 2 3
2 Freddy Meyer Nathan Oystrick 30 0 2 3
3 Johan Fransson Kyle Lawson 20 0 3 2
4 Jonathan Sigalet Pavel Trnka 10 0 2 3
PowerPlay Forward
Center Left Wing Right Wing Time % Phy DF OF
1 Nate Thompson Alex Picard Mike Brown 60 0 1 4
2 Greg Mauldin Jani Rita Petr Pohl 40 0 1 4
PowerPlay Defense
Defense Defense Time % Phy DF OF
1 Jonathan Sigalet Pavel Trnka 60 0 2 3
2 Freddy Meyer Nathan Oystrick 40 0 2 3
Penalty Kill 4 Players Forward
Center Wing Time % Phy DF OF
1 Nate Thompson Alex Picard 60 0 4 1
2 Greg Mauldin Carson Mcmillan 40 0 4 1
Penalty Kill 4 Players Defense
Defense Defense Time % Phy DF OF
1 Freddy Meyer Pavel Trnka 60 0 4 1
2 Jonathan Sigalet Nathan Oystrick 40 0 4 1
Penalty Kill - 3 Players Forward
Forward Time % Phy DF OF
1 Nate Thompson 60 0 4 1
2 Greg Mauldin 40 0 4 1
Penalty Kill - 3 Players Defense
Defense Defense Time % Phy DF OF
1 Freddy Meyer Pavel Trnka 60 0 4 1
2 Jonathan Sigalet Nathan Oystrick 40 0 4 1
4 vs 4 Forward
Center Wing Time % Phy DF OF
1 Nate Thompson Alex Picard 60 0 2 3
2 Greg Mauldin Petr Pohl 40 0 2 3
4 vs 4 Defense
Defense Defense Time % Phy DF OF
1 Jonathan Sigalet Pavel Trnka 60 0 2 3
2 Freddy Meyer Nathan Oystrick 40 0 2 3
Last Minutes Offensive
Center Left Wing Right Wing Defense Defense
Nate Thompson Alex Picard Mike Brown Jonathan Sigalet Pavel Trnka
Last Minutes Defensive
Center Left Wing Right Wing Defense Defense
Nate Thompson Alex Picard Carson Mcmillan Freddy Meyer Pavel Trnka
Goaltenders
Starting : Jussi Markkanen
Backup : Joe Fallon
Extra Forwards
Normal : Greg Mauldin, Tyler Haskins, Pierre Dagenais - PP : Pierre Dagenais, Greg Mauldin - PK : Pierre Dagenais
Extra Defensemen
Normal : Kyle Lawson, Nathan Oystrick, Pavel Trnka - PP : Nathan Oystrick - PK : Nathan Oystrick, Kyle Lawson
Penalty Shots
Nate Thompson, Pierre Dagenais, Alex Picard, Jani Rita, Greg Mauldin
% Time on Ice - High Goats
Lines # - Real PCT - Wanted PCT - Time Play
Normal Forward
1 - 36% - 40% - 19:41
2 - 27% - 30% - 14:50
3 - 23% - 20% - 12:22
4 - 13% - 10% - 7:07
Normal Defense
1 - 41% - 40% - 21:54
2 - 30% - 30% - 16:07
3 - 22% - 20% - 12:04
4 - 7% - 10% - 3:55
PP Forward
1 - 50% - 60% - 1:00
2 - 50% - 40% - 0:59
PP Defense
1 - 61% - 60% - 1:12
2 - 39% - 40% - 0:47
PK Forward
1 - 75% - 60% - 1:01
2 - 25% - 40% - 0:20
PK Defense
1 - 68% - 60% - 0:55
2 - 32% - 40% - 0:26
PK3 Forward
1 - 0% - 60%
2 - 0% - 40%
PK3 Defense
1 - 0% - 60%
2 - 0% - 40%
44 Forward
1 - 100% - 60% - 2:40
2 - 0% - 40% - 0:00
44 Defense
1 - 49% - 60% - 1:19
2 - 51% - 40% - 1:21
Last Minute Offensive - 0:00
Last Minute Defensive - 0:00
Total
Forward - 60:00
Defense - 60:00
|
% Time on Ice - Tamiflu
Lines # - Real PCT - Wanted PCT - Time Play
Normal Forward
1 - 36% - 40% - 19:29
2 - 28% - 30% - 15:22
3 - 21% - 20% - 11:10
4 - 15% - 10% - 7:59
Normal Defense
1 - 40% - 40% - 21:37
2 - 30% - 30% - 16:16
3 - 21% - 20% - 11:12
4 - 9% - 10% - 4:55
PP Forward
1 - 67% - 60% - 0:54
2 - 33% - 40% - 0:27
PP Defense
1 - 81% - 60% - 1:06
2 - 19% - 40% - 0:15
PK Forward
1 - 84% - 60% - 1:40
2 - 16% - 40% - 0:19
PK Defense
1 - 28% - 60% - 0:33
2 - 72% - 40% - 1:26
PK3 Forward
1 - 0% - 60%
2 - 0% - 40%
PK3 Defense
1 - 0% - 60%
2 - 0% - 40%
44 Forward
1 - 88% - 60% - 2:21
2 - 12% - 40% - 0:19
44 Defense
1 - 78% - 60% - 2:05
2 - 22% - 40% - 0:35
Last Minute Offensive - 0:00
Last Minute Defensive - 0:00
Total
Forward - 60:00
Defense - 60:00
|
Play by Play
1st period
0:01 of 1st period - Joël Perrault wins face-off versus Nate Thompson in neutral zone.
0:40 of 1st period - Slapshot by Nick Bonino.
0:40 of 1st period - Stopped by Jussi Markkanen without a rebound.
0:41 of 1st period - Petteri Wirtanen wins face-off versus Tyler Haskins in Tamiflu zone.
1:06 of 1st period - Arturs Kulda is hit by Mike Brown and loses puck.
2:00 of 1st period - Slapshot by Chris Stewart.
2:00 of 1st period - Deflect By Jiri Tlusty.
2:00 of 1st period - Shot Misses the Net.
2:00 of 1st period - Puck is out of play.
2:01 of 1st period - Nate Thompson wins face-off versus Dana Tyrell in Tamiflu zone.
2:06 of 1st period - Thomas Hickey is hit by Jonathan Sigalet and loses puck.
2:39 of 1st period - Snap shot by Pierre Dagenais.
2:39 of 1st period - Shot Misses the Net.
2:51 of 1st period - Backhand shot by Jani Rita.
2:51 of 1st period - Shot Misses the Net.
2:53 of 1st period - Slapshot by Pavel Trnka.
2:53 of 1st period - Shot Blocked by John Erskine.
2:55 of 1st period - Slapshot by Pavel Trnka.
2:55 of 1st period - Shot Misses the Net.
3:33 of 1st period - Nate Thompson is hit by David Laliberté and loses puck.
3:58 of 1st period - Wrist shot by Chris Stewart.
3:58 of 1st period - Stopped by Jussi Markkanen without a rebound.
3:59 of 1st period - Petr Pohl wins face-off versus Joël Perrault in Tamiflu zone.
4:24 of 1st period - Nate Thompson is hit by Pavel Brendl and loses puck.
4:47 of 1st period - Petteri Wirtanen is hit by Nick Spaling.
5:03 of 1st period - Icing by Johan Fransson.
5:04 of 1st period - Dana Tyrell wins face-off versus Tyler Haskins in Tamiflu zone.
5:07 of 1st period - Snap shot by Chris Stewart.
5:07 of 1st period - Stopped by Jussi Markkanen without a rebound.
5:08 of 1st period - Petr Pohl wins face-off versus Joël Perrault in Tamiflu zone.
5:08 of 1st period - Petr Pohl is hit by Chris Stewart.
5:24 of 1st period - Jonathan Sigalet is hit by Frederic St-Denis and loses puck.
6:08 of 1st period - Slapshot by David Laliberté.
6:08 of 1st period - Shot Misses the Net.
6:15 of 1st period - Icing by Carson Mcmillan.
6:16 of 1st period - Petteri Wirtanen wins face-off versus Colin Greening in Tamiflu zone.
6:25 of 1st period - Backhand shot by Joël Perrault.
6:25 of 1st period - Shot Blocked by Freddy Meyer.
6:27 of 1st period - Slapshot by Thomas Hickey.
6:27 of 1st period - Deflect By Chris Stewart.
6:27 of 1st period - Goal by Chris Stewart - High Goats : 1 - Tamiflu : 0.
6:28 of 1st period - Joël Perrault wins face-off versus Nate Thompson in neutral zone.
6:37 of 1st period - Wrist shot by Joël Perrault.
6:37 of 1st period - Stopped by Jussi Markkanen without a rebound.
6:38 of 1st period - Nate Thompson wins face-off versus Joël Perrault in Tamiflu zone.
6:58 of 1st period - Snap shot by Joël Perrault.
6:58 of 1st period - Shot Blocked by Pavel Trnka.
7:00 of 1st period - Slapshot by John Erskine.
7:00 of 1st period - Shot Blocked by Jonathan Sigalet.
7:02 of 1st period - Slapshot by John Erskine.
7:02 of 1st period - Stopped by Jussi Markkanen without a rebound.
7:03 of 1st period - Nick Bonino wins face-off versus Greg Mauldin in Tamiflu zone.
7:47 of 1st period - John Erskine is hit by Alex Picard and loses puck.
8:56 of 1st period - Snap shot by Petteri Wirtanen.
8:56 of 1st period - Shot Blocked by Jonathan Sigalet.
8:58 of 1st period - Snap shot by Craig Weller.
8:58 of 1st period - Goal by Craig Weller - High Goats : 2 - Tamiflu : 0.
8:59 of 1st period - Nate Thompson wins face-off versus Joël Perrault in neutral zone.
9:29 of 1st period - Icing by Jiri Tlusty.
9:30 of 1st period - Joël Perrault wins face-off versus Tyler Haskins in High Goats zone.
9:37 of 1st period - Wrist shot by Chris Stewart.
9:37 of 1st period - Shot Misses the Net.
9:57 of 1st period - Wrist shot by Chris Stewart.
9:57 of 1st period - Shot Misses the Net.
10:17 of 1st period - Slapshot by Brad Larsen.
10:17 of 1st period - Deflect By Craig Weller.
10:17 of 1st period - Shot Misses the Net.
10:17 of 1st period - Puck is out of play.
10:18 of 1st period - Petteri Wirtanen wins face-off versus Colin Greening in Tamiflu zone.
11:51 of 1st period - Wrist shot by Mike Brown.
11:51 of 1st period - Stopped by Al Montoya with a rebound.
12:09 of 1st period - Slapshot by Craig Weller.
12:09 of 1st period - Shot Blocked by Kyle Lawson.
12:30 of 1st period - Wrist shot by Jiri Tlusty.
12:30 of 1st period - Stopped by Jussi Markkanen with a rebound.
12:32 of 1st period - Snap shot by Jiri Tlusty.
12:32 of 1st period - Shot Misses the Net.
12:38 of 1st period - Wrist shot by Chris Stewart.
12:38 of 1st period - Stopped by Jussi Markkanen without a rebound.
12:39 of 1st period - Mike Brown wins face-off versus Nick Bonino in Tamiflu zone.
12:41 of 1st period - Minor Penalty to Arturs Kulda for Roughing.
12:42 of 1st period - Pavel Brendl wins face-off versus Nate Thompson in High Goats zone.
12:51 of 1st period - Pavel Brendl is hit by Alex Picard and loses puck.
13:16 of 1st period - Icing by Jonathan Sigalet.
13:17 of 1st period - Brad Larsen wins face-off versus Alex Picard in Tamiflu zone.
13:18 of 1st period - Wrist shot by Chris Stewart.
13:18 of 1st period - Stopped by Jussi Markkanen with a rebound.
13:38 of 1st period - Snap shot by Jani Rita.
13:38 of 1st period - Stopped by Al Montoya with a rebound.
13:44 of 1st period - Slapshot by Jani Rita.
13:44 of 1st period - Shot Blocked by Anton Stralman.
13:46 of 1st period - Slapshot by Freddy Meyer.
13:46 of 1st period - Goal by Freddy Meyer - High Goats : 2 - Tamiflu : 1.
13:47 of 1st period - Joël Perrault wins face-off versus Nate Thompson in neutral zone.
14:17 of 1st period - John Erskine is hit by Nick Spaling and loses puck.
14:22 of 1st period - Snap shot by Pierre Dagenais.
14:22 of 1st period - Stopped by Al Montoya without a rebound.
14:23 of 1st period - Nick Bonino wins face-off versus Greg Mauldin in High Goats zone.
14:23 of 1st period - Nick Bonino is hit by Nathan Oystrick.
14:49 of 1st period - Brad Larsen is hit by Nathan Oystrick and loses puck.
15:00 of 1st period - Slapshot by Pierre Dagenais.
15:00 of 1st period - Shot Misses the Net.
15:06 of 1st period - Jonathan Sigalet is hit by Arturs Kulda and loses puck.
15:11 of 1st period - Snap shot by Nick Bonino.
15:11 of 1st period - Stopped by Jussi Markkanen with a rebound.
15:19 of 1st period - Wrist shot by Pavel Brendl.
15:19 of 1st period - Stopped by Jussi Markkanen with a rebound.
15:21 of 1st period - Slapshot by Pavel Brendl.
15:21 of 1st period - Stopped by Jussi Markkanen without a rebound.
15:22 of 1st period - Joël Perrault wins face-off versus Alex Picard in Tamiflu zone.
15:23 of 1st period - Slapshot by Chris Stewart.
15:23 of 1st period - Shot Blocked by Nathan Oystrick.
15:23 of 1st period - Nathan Oystrick from Tamiflu is injured at 15:23 of 1st period (Right Eye).
15:24 of 1st period - Jiri Tlusty wins face-off versus Nate Thompson in Tamiflu zone.
15:35 of 1st period - Snap shot by Alex Picard.
15:35 of 1st period - Shot Blocked by John Erskine.
15:39 of 1st period - Snap shot by Nate Thompson.
15:39 of 1st period - Stopped by Al Montoya without a rebound.
15:40 of 1st period - Greg Mauldin wins face-off versus Petteri Wirtanen in High Goats zone.
15:41 of 1st period - Snap shot by Jani Rita.
15:41 of 1st period - Shot Misses the Net.
15:43 of 1st period - Slapshot by Pavel Trnka.
15:43 of 1st period - Stopped by Al Montoya with a rebound.
15:45 of 1st period - Wrist shot by Jani Rita.
15:45 of 1st period - Stopped by Al Montoya without a rebound.
15:46 of 1st period - Greg Mauldin wins face-off versus Petteri Wirtanen in High Goats zone.
15:59 of 1st period - Snap shot by Jani Rita.
15:59 of 1st period - Shot Misses the Net.
16:01 of 1st period - Wrist shot by Jani Rita.
16:01 of 1st period - Goal by Jani Rita - High Goats : 2 - Tamiflu : 2.
16:02 of 1st period - Nate Thompson wins face-off versus Joël Perrault in neutral zone.
16:27 of 1st period - Jonathan Sigalet is hit by Pavel Brendl and loses puck.
16:32 of 1st period - Snap shot by Brad Larsen.
16:32 of 1st period - Goal by Brad Larsen - High Goats : 3 - Tamiflu : 2.
16:33 of 1st period - Nate Thompson wins face-off versus Joël Perrault in neutral zone.
16:36 of 1st period - Slapshot by Pavel Trnka.
16:36 of 1st period - Shot Misses the Net.
16:38 of 1st period - Slapshot by Pavel Trnka.
16:38 of 1st period - Shot Misses the Net.
16:44 of 1st period - Wrist shot by Mike Brown.
16:44 of 1st period - Shot Misses the Net.
16:46 of 1st period - Snap shot by Alex Picard.
16:46 of 1st period - Stopped by Al Montoya with a rebound.
16:48 of 1st period - Wrist shot by Mike Brown.
16:48 of 1st period - Stopped by Al Montoya without a rebound.
16:49 of 1st period - Greg Mauldin wins face-off versus Petteri Wirtanen in High Goats zone.
16:54 of 1st period - Snap shot by Petr Pohl.
16:54 of 1st period - Shot Misses the Net.
16:56 of 1st period - Snap shot by Petr Pohl.
16:56 of 1st period - Shot Blocked by John Erskine.
16:58 of 1st period - Wrist shot by Jonathan Sigalet.
16:58 of 1st period - Deflect By Jani Rita.
16:58 of 1st period - Stopped by Al Montoya without a rebound.
16:59 of 1st period - Greg Mauldin wins face-off versus Petteri Wirtanen in High Goats zone.
17:24 of 1st period - Craig Weller is hit by Greg Mauldin and loses puck.
17:29 of 1st period - Slapshot by Jani Rita.
17:29 of 1st period - Shot Misses the Net.
17:31 of 1st period - Slapshot by Jonathan Sigalet.
17:31 of 1st period - Deflect By John Erskine.
17:31 of 1st period - Stopped by Al Montoya without a rebound.
17:32 of 1st period - Joël Perrault wins face-off versus Nate Thompson in High Goats zone.
17:57 of 1st period - Arturs Kulda is hit by Pierre Dagenais and loses puck.
2nd period
0:01 of 2nd period - Joël Perrault wins face-off versus Nate Thompson in neutral zone.
0:38 of 2nd period - Snap shot by Alex Picard.
0:38 of 2nd period - Stopped by Al Montoya with a rebound.
1:52 of 2nd period - Greg Mauldin is hit by Petteri Wirtanen and loses puck.
1:59 of 2nd period - Slapshot by Craig Weller.
1:59 of 2nd period - Stopped by Jussi Markkanen without a rebound.
2:00 of 2nd period - Tyler Haskins wins face-off versus Nick Bonino in Tamiflu zone.
2:07 of 2nd period - Backhand shot by Pavel Trnka.
2:07 of 2nd period - Shot Blocked by Frederic St-Denis.
2:09 of 2nd period - Snap shot by Jonathan Sigalet.
2:09 of 2nd period - Stopped by Al Montoya with a rebound.
2:11 of 2nd period - Slapshot by Nick Spaling.
2:11 of 2nd period - Shot Blocked by Brad Larsen.
2:13 of 2nd period - Slapshot by Pavel Trnka.
2:13 of 2nd period - Deflect By Pierre Dagenais.
2:13 of 2nd period - Stopped by Al Montoya without a rebound.
2:14 of 2nd period - Joël Perrault wins face-off versus Colin Greening in High Goats zone.
2:21 of 2nd period - Slapshot by Anton Stralman.
2:21 of 2nd period - Shot Misses the Net.
2:34 of 2nd period - Pavel Trnka is hit by Joël Perrault.
3:08 of 2nd period - Off-side.
3:09 of 2nd period - Nate Thompson wins face-off versus Dana Tyrell in neutral zone.
3:24 of 2nd period - Wrist shot by Alex Picard.
3:24 of 2nd period - Shot Blocked by John Erskine.
3:59 of 2nd period - Brad Larsen is hit by Jan Mursak and loses puck.
4:21 of 2nd period - Snap shot by Petteri Wirtanen.
4:21 of 2nd period - Goal by Petteri Wirtanen - High Goats : 4 - Tamiflu : 2.
4:21 of 2nd period - Joe Fallon enters game.
4:22 of 2nd period - Alex Picard wins face-off versus Joël Perrault in neutral zone.
4:22 of 2nd period - Alex Picard is hit by Anton Stralman.
4:28 of 2nd period - Snap shot by Mike Brown.
4:28 of 2nd period - Shot Misses the Net.
4:48 of 2nd period - John Erskine is hit by Tyler Haskins and loses puck.
5:38 of 2nd period - Slapshot by Kyle Lawson.
5:38 of 2nd period - Stopped by Al Montoya with a rebound.
5:40 of 2nd period - Slapshot by Carson Mcmillan.
5:40 of 2nd period - Deflect By Frederic St-Denis.
5:40 of 2nd period - Stopped by Al Montoya with a rebound.
5:42 of 2nd period - Snap shot by Jan Mursak.
5:42 of 2nd period - Shot Misses the Net.
5:52 of 2nd period - Jonathan Sigalet is hit by Frederic St-Denis and loses puck.
5:57 of 2nd period - Slapshot by Chris Stewart.
5:57 of 2nd period - Stopped by Joe Fallon without a rebound.
5:58 of 2nd period - Joël Perrault wins face-off versus Nate Thompson in Tamiflu zone.
5:59 of 2nd period - Snap shot by Chris Stewart.
5:59 of 2nd period - Shot Misses the Net.
6:01 of 2nd period - Backhand shot by Arturs Kulda.
6:01 of 2nd period - Stopped by Joe Fallon with a rebound.
6:05 of 2nd period - Slapshot by Chris Stewart.
6:05 of 2nd period - Shot Misses the Net.
6:07 of 2nd period - Wrist shot by Joël Perrault.
6:07 of 2nd period - Goal by Joël Perrault - High Goats : 5 - Tamiflu : 2.
6:08 of 2nd period - Nate Thompson wins face-off versus Joël Perrault in neutral zone.
6:11 of 2nd period - Backhand shot by Nate Thompson.
6:11 of 2nd period - Shot Misses the Net.
6:13 of 2nd period - Slapshot by Jonathan Sigalet.
6:13 of 2nd period - Stopped by Al Montoya with a rebound.
6:19 of 2nd period - Snap shot by Nate Thompson.
6:19 of 2nd period - Stopped by Al Montoya without a rebound.
6:20 of 2nd period - Nate Thompson wins face-off versus Joël Perrault in High Goats zone.
7:10 of 2nd period - Pierre Dagenais is hit by John Erskine and loses puck.
7:17 of 2nd period - Slapshot by Jonathan Sigalet.
7:17 of 2nd period - Shot Misses the Net.
7:48 of 2nd period - Snap shot by Jani Rita.
7:48 of 2nd period - Shot Misses the Net.
7:52 of 2nd period - Snap shot by Jani Rita.
7:52 of 2nd period - Stopped by Al Montoya with a rebound.
7:54 of 2nd period - Wrist shot by Greg Mauldin.
7:54 of 2nd period - Stopped by Al Montoya with a rebound.
8:15 of 2nd period - Arturs Kulda is hit by Carson Mcmillan and loses puck.
8:33 of 2nd period - Craig Weller is hit by Pierre Dagenais and loses puck.
8:53 of 2nd period - Backhand shot by Alex Picard.
8:53 of 2nd period - Shot Blocked by Matt Taormina.
8:55 of 2nd period - Snap shot by Alex Picard.
8:55 of 2nd period - Stopped by Al Montoya without a rebound.
8:56 of 2nd period - Joël Perrault wins face-off versus Nate Thompson in High Goats zone.
9:02 of 2nd period - Off-side.
9:03 of 2nd period - Jiri Tlusty wins face-off versus Nate Thompson in neutral zone.
9:30 of 2nd period - Wrist shot by Greg Mauldin.
9:30 of 2nd period - Shot Misses the Net.
9:32 of 2nd period - Slapshot by Johan Fransson.
9:32 of 2nd period - Shot Blocked by Anton Stralman.
9:34 of 2nd period - Wrist shot by Jani Rita.
9:34 of 2nd period - Goal by Jani Rita - High Goats : 5 - Tamiflu : 3.
9:35 of 2nd period - Nate Thompson wins face-off versus Joël Perrault in neutral zone.
9:37 of 2nd period - Off-side.
9:38 of 2nd period - Nate Thompson wins face-off versus Joël Perrault in neutral zone.
10:52 of 2nd period - Anton Stralman is hit by Jan Mursak and loses puck.
11:13 of 2nd period - Snap shot by Chris Stewart.
11:13 of 2nd period - Stopped by Joe Fallon with a rebound.
11:15 of 2nd period - Wrist shot by Jiri Tlusty.
11:15 of 2nd period - Deflect By Joël Perrault.
11:15 of 2nd period - Shot Blocked by Mike Brown.
11:15 of 2nd period - Puck is out of play.
11:16 of 2nd period - Nate Thompson wins face-off versus Joël Perrault in Tamiflu zone.
11:21 of 2nd period - Jonathan Sigalet is hit by Joël Perrault.
11:27 of 2nd period - Snap shot by Joël Perrault.
11:27 of 2nd period - Shot Misses the Net.
11:41 of 2nd period - Greg Mauldin is hit by Brad Larsen and loses puck.
11:48 of 2nd period - Snap shot by Brad Larsen.
11:48 of 2nd period - Shot Misses the Net.
11:50 of 2nd period - Snap shot by Pavel Brendl.
11:50 of 2nd period - Goal by Pavel Brendl - High Goats : 6 - Tamiflu : 3.
11:51 of 2nd period - Joël Perrault wins face-off versus Nate Thompson in neutral zone.
11:54 of 2nd period - Jonathan Sigalet is hit by Chris Stewart and loses puck.
13:18 of 2nd period - Colin Greening is hit by Craig Weller and loses puck.
13:33 of 2nd period - Backhand shot by Joël Perrault.
13:33 of 2nd period - Deflect By Chris Stewart.
13:33 of 2nd period - Shot Misses the Net.
13:33 of 2nd period - Puck is out of play.
13:34 of 2nd period - Greg Mauldin wins face-off versus Joël Perrault in Tamiflu zone.
13:41 of 2nd period - Chris Stewart is hit by Pavel Trnka and loses puck.
13:52 of 2nd period - Jani Rita is hit by Thomas Hickey and loses puck.
14:13 of 2nd period - Slapshot by Jonathan Sigalet.
14:13 of 2nd period - Stopped by Al Montoya with a rebound.
14:29 of 2nd period - Arturs Kulda is hit by Tyler Haskins and loses puck.
14:50 of 2nd period - Wrist shot by David Laliberté.
14:50 of 2nd period - Stopped by Joe Fallon with a rebound.
15:31 of 2nd period - Wrist shot by Alex Picard.
15:31 of 2nd period - Stopped by Al Montoya with a rebound.
15:33 of 2nd period - Wrist shot by Mike Brown.
15:33 of 2nd period - Shot Misses the Net.
15:35 of 2nd period - Slapshot by Kyle Lawson.
15:35 of 2nd period - Stopped by Al Montoya with a rebound.
15:37 of 2nd period - Slapshot by Johan Fransson.
15:37 of 2nd period - Deflect By Nick Bonino.
15:37 of 2nd period - Stopped by Al Montoya without a rebound.
15:38 of 2nd period - Nate Thompson wins face-off versus Petteri Wirtanen in High Goats zone.
15:39 of 2nd period - Wrist shot by Mike Brown.
15:39 of 2nd period - Shot Blocked by Petteri Wirtanen.
15:41 of 2nd period - Snap shot by Mike Brown.
15:41 of 2nd period - Stopped by Al Montoya with a rebound.
15:43 of 2nd period - Wrist shot by Nate Thompson.
15:43 of 2nd period - Shot Misses the Net.
15:45 of 2nd period - Wrist shot by Alex Picard.
15:45 of 2nd period - Deflect By Nate Thompson.
15:45 of 2nd period - Shot Misses the Net.
15:45 of 2nd period - Puck is out of play.
15:46 of 2nd period - Nate Thompson wins face-off versus Petteri Wirtanen in High Goats zone.
16:53 of 2nd period - Wrist shot by Nate Thompson.
16:53 of 2nd period - Stopped by Al Montoya with a rebound.
16:57 of 2nd period - Wrist shot by Alex Picard.
16:57 of 2nd period - Stopped by Al Montoya without a rebound.
16:58 of 2nd period - Joël Perrault wins face-off versus Petr Pohl in High Goats zone.
17:09 of 2nd period - Snap shot by Joël Perrault.
17:09 of 2nd period - Shot Misses the Net.
17:11 of 2nd period - Wrist shot by Jiri Tlusty.
17:11 of 2nd period - Deflect By Joël Perrault.
17:11 of 2nd period - Shot Misses the Net.
17:11 of 2nd period - Puck is out of play.
17:12 of 2nd period - Tyler Haskins wins face-off versus Nick Bonino in Tamiflu zone.
18:26 of 2nd period - Snap shot by Nick Spaling.
18:26 of 2nd period - Shot Blocked by Arturs Kulda.
18:52 of 2nd period - Wrist shot by Drayson Bowman.
18:52 of 2nd period - Stopped by Joe Fallon without a rebound.
18:53 of 2nd period - Petteri Wirtanen wins face-off versus Tyler Haskins in Tamiflu zone.
18:58 of 2nd period - Wrist shot by Petteri Wirtanen.
18:58 of 2nd period - Shot Blocked by Freddy Meyer.
19:21 of 2nd period - Slapshot by Craig Weller.
19:21 of 2nd period - Shot Misses the Net.
19:30 of 2nd period - Off-side.
19:31 of 2nd period - Alex Picard wins face-off versus Joël Perrault in neutral zone.
3rd period
0:01 of 3rd period - Nate Thompson wins face-off versus Joël Perrault in neutral zone.
0:08 of 3rd period - Slapshot by Nate Thompson.
0:08 of 3rd period - Stopped by Al Montoya with a rebound.
0:10 of 3rd period - Snap shot by Mike Brown.
0:10 of 3rd period - Shot Blocked by Chris Stewart.
0:12 of 3rd period - Snap shot by Pavel Trnka.
0:12 of 3rd period - Stopped by Al Montoya with a rebound.
0:14 of 3rd period - Wrist shot by Nate Thompson.
0:14 of 3rd period - Deflect By Mike Brown.
0:14 of 3rd period - Shot Misses the Net.
0:14 of 3rd period - Puck is out of play.
0:15 of 3rd period - Greg Mauldin wins face-off versus Nick Bonino in High Goats zone.
1:03 of 3rd period - Pierre Dagenais is hit by John Erskine and loses puck.
1:08 of 3rd period - Wrist shot by Craig Weller.
1:08 of 3rd period - Stopped by Joe Fallon with a rebound.
1:10 of 3rd period - Slapshot by Anton Stralman.
1:10 of 3rd period - Goal by Anton Stralman - High Goats : 7 - Tamiflu : 3.
1:11 of 3rd period - Joël Perrault wins face-off versus Nate Thompson in neutral zone.
1:59 of 3rd period - Pierre Dagenais is hit by Frederic St-Denis and loses puck.
2:22 of 3rd period - Snap shot by Chris Stewart.
2:22 of 3rd period - Stopped by Joe Fallon with a rebound.
3:08 of 3rd period - Icing by Pavel Brendl.
3:09 of 3rd period - Pierre Dagenais wins face-off versus Nick Bonino in High Goats zone.
3:31 of 3rd period - Icing by Pavel Trnka.
3:32 of 3rd period - Joël Perrault wins face-off versus Tyler Haskins in Tamiflu zone.
3:43 of 3rd period - Wrist shot by Nick Spaling.
3:43 of 3rd period - Shot Misses the Net.
4:00 of 3rd period - Snap shot by Alex Picard.
4:00 of 3rd period - Shot Misses the Net.
4:22 of 3rd period - Snap shot by Jani Rita.
4:22 of 3rd period - Shot Misses the Net.
4:44 of 3rd period - Slapshot by Kyle Lawson.
4:44 of 3rd period - Shot Misses the Net.
4:45 of 3rd period - Minor Penalty to Jan Mursak for Hooking.
4:45 of 3rd period - Minor Penalty to Arturs Kulda for Hooking.
4:46 of 3rd period - Nate Thompson wins face-off versus Pavel Brendl in High Goats zone.
4:55 of 3rd period - Snap shot by Nate Thompson.
4:55 of 3rd period - Stopped by Al Montoya without a rebound.
4:56 of 3rd period - Nate Thompson wins face-off versus Pavel Brendl in High Goats zone.
5:15 of 3rd period - Snap shot by Nate Thompson.
5:15 of 3rd period - Shot Misses the Net.
5:21 of 3rd period - Wrist shot by Pavel Brendl.
5:21 of 3rd period - Shot Misses the Net.
5:23 of 3rd period - Wrist shot by Thomas Hickey.
5:23 of 3rd period - Shot Blocked by Pavel Trnka.
5:25 of 3rd period - Wrist shot by Thomas Hickey.
5:25 of 3rd period - Stopped by Joe Fallon with a rebound.
5:26 of 3rd period - Minor Penalty to Pavel Trnka for Hooking.
5:26 of 3rd period - Minor Penalty to Craig Weller for Hooking.
5:27 of 3rd period - Nate Thompson wins face-off versus Pavel Brendl in Tamiflu zone.
5:32 of 3rd period - Anton Stralman is hit by Kyle Lawson and loses puck.
5:58 of 3rd period - Icing by Pavel Brendl.
5:59 of 3rd period - Pavel Brendl wins face-off versus Nate Thompson in High Goats zone.
6:21 of 3rd period - Brandon Bollig is hit by Petr Pohl and loses puck.
6:45 of 3rd period - Penalty to Jan Mursak is over, Jan Mursak is back on ice.
6:45 of 3rd period - Penalty to Arturs Kulda is over, Arturs Kulda is back on ice.
6:55 of 3rd period - Wrist shot by Jan Mursak.
6:55 of 3rd period - Shot Blocked by Anton Stralman.
6:57 of 3rd period - Wrist shot by Greg Mauldin.
6:57 of 3rd period - Stopped by Al Montoya without a rebound.
6:58 of 3rd period - Nate Thompson wins face-off versus Pavel Brendl in High Goats zone.
7:26 of 3rd period - Penalty to Pavel Trnka is over, Pavel Trnka is back on ice.
7:26 of 3rd period - Penalty to Craig Weller is over, Craig Weller is back on ice.
7:40 of 3rd period - Brandon Bollig is hit by Jonathan Sigalet and loses puck.
7:53 of 3rd period - Wrist shot by Nate Thompson.
7:53 of 3rd period - Shot Misses the Net.
7:55 of 3rd period - Snap shot by Nate Thompson.
7:55 of 3rd period - Shot Blocked by Petteri Wirtanen.
7:57 of 3rd period - Snap shot by Pavel Trnka.
7:57 of 3rd period - Shot Blocked by Thomas Hickey.
7:59 of 3rd period - Slapshot by Jonathan Sigalet.
7:59 of 3rd period - Stopped by Al Montoya with a rebound.
8:08 of 3rd period - Slapshot by Jonathan Sigalet.
8:08 of 3rd period - Shot Hit the Post.
8:10 of 3rd period - Slapshot by Nate Thompson.
8:10 of 3rd period - Deflect By Alex Picard.
8:10 of 3rd period - Goal by Alex Picard - High Goats : 7 - Tamiflu : 4.
8:11 of 3rd period - Greg Mauldin wins face-off versus Joël Perrault in neutral zone.
8:23 of 3rd period - Wrist shot by Jani Rita.
8:23 of 3rd period - Shot Misses the Net.
8:47 of 3rd period - Brad Larsen is hit by Tyler Haskins and loses puck.
9:06 of 3rd period - Snap shot by Craig Weller.
9:06 of 3rd period - Shot Misses the Net.
9:45 of 3rd period - Snap shot by Craig Weller.
9:45 of 3rd period - Shot Misses the Net.
9:47 of 3rd period - Wrist shot by John Erskine.
9:47 of 3rd period - Stopped by Joe Fallon without a rebound.
9:48 of 3rd period - Nate Thompson wins face-off versus Joël Perrault in Tamiflu zone.
9:59 of 3rd period - Snap shot by Alex Picard.
9:59 of 3rd period - Shot Misses the Net.
10:01 of 3rd period - Slapshot by Kyle Lawson.
10:01 of 3rd period - Stopped by Al Montoya with a rebound.
10:03 of 3rd period - Slapshot by Johan Fransson.
10:03 of 3rd period - Deflect By Mike Brown.
10:03 of 3rd period - Shot Blocked by Arturs Kulda.
10:03 of 3rd period - Puck is out of play.
10:04 of 3rd period - Greg Mauldin wins face-off versus Nick Bonino in High Goats zone.
10:14 of 3rd period - Off-side.
10:15 of 3rd period - Nate Thompson wins face-off versus Chris Stewart in neutral zone.
10:18 of 3rd period - Slapshot by Kyle Lawson.
10:18 of 3rd period - Shot Misses the Net.
10:52 of 3rd period - Wrist shot by Nick Bonino.
10:52 of 3rd period - Shot Blocked by Kyle Lawson.
10:54 of 3rd period - Slapshot by Frederic St-Denis.
10:54 of 3rd period - Deflect By Jani Rita.
10:54 of 3rd period - Stopped by Joe Fallon with a rebound.
10:56 of 3rd period - Snap shot by Brad Larsen.
10:56 of 3rd period - Shot Misses the Net.
11:29 of 3rd period - Wrist shot by Colin Greening.
11:29 of 3rd period - Shot Misses the Net.
11:33 of 3rd period - Slapshot by Pavel Trnka.
11:33 of 3rd period - Shot Hit the Post.
11:35 of 3rd period - Wrist shot by Jan Mursak.
11:35 of 3rd period - Deflect By Carson Mcmillan.
11:35 of 3rd period - Shot Misses the Net.
11:35 of 3rd period - Puck is out of play.
11:36 of 3rd period - Jan Mursak wins face-off versus Joël Perrault in High Goats zone.
12:06 of 3rd period - Wrist shot by Carson Mcmillan.
12:06 of 3rd period - Deflect By Jan Mursak.
12:06 of 3rd period - Deflect By Jiri Tlusty.
12:06 of 3rd period - Shot Misses the Net.
12:06 of 3rd period - Puck is out of play.
12:07 of 3rd period - Nate Thompson wins face-off versus Brad Larsen in High Goats zone.
12:22 of 3rd period - Slapshot by Alex Picard.
12:22 of 3rd period - Stopped by Al Montoya with a rebound.
12:32 of 3rd period - Arturs Kulda is hit by Pavel Trnka and loses puck.
12:39 of 3rd period - John Erskine is hit by Petr Pohl.
13:03 of 3rd period - Snap shot by Drayson Bowman.
13:03 of 3rd period - Stopped by Joe Fallon without a rebound.
13:04 of 3rd period - Joël Perrault wins face-off versus Nate Thompson in Tamiflu zone.
13:11 of 3rd period - Slapshot by Joël Perrault.
13:11 of 3rd period - Stopped by Joe Fallon with a rebound.
13:13 of 3rd period - Wrist shot by Chris Stewart.
13:13 of 3rd period - Deflect By Joël Perrault.
13:13 of 3rd period - Stopped by Joe Fallon without a rebound.
13:14 of 3rd period - Joël Perrault wins face-off versus Nate Thompson in Tamiflu zone.
13:17 of 3rd period - Wrist shot by Chris Stewart.
13:17 of 3rd period - Stopped by Joe Fallon with a rebound.
13:19 of 3rd period - Slapshot by Anton Stralman.
13:19 of 3rd period - Shot Misses the Net.
13:21 of 3rd period - Snap shot by John Erskine.
13:21 of 3rd period - Stopped by Joe Fallon without a rebound.
13:22 of 3rd period - Nate Thompson wins face-off versus Chris Stewart in Tamiflu zone.
13:22 of 3rd period - Nate Thompson is hit by Jiri Tlusty.
13:34 of 3rd period - Slapshot by Mike Brown.
13:34 of 3rd period - Shot Misses the Net.
14:09 of 3rd period - Minor Penalty to Kyle Lawson for Hooking.
14:10 of 3rd period - Nate Thompson wins face-off versus Joël Perrault in Tamiflu zone.
14:15 of 3rd period - Slapshot by Freddy Meyer.
14:15 of 3rd period - Shot Blocked by Pavel Brendl.
15:45 of 3rd period - Anton Stralman is hit by Jani Rita and loses puck.
15:58 of 3rd period - Craig Weller is hit by Johan Fransson and loses puck.
16:09 of 3rd period - Penalty to Kyle Lawson is over, Kyle Lawson is back on ice.
16:19 of 3rd period - Matt Taormina is hit by Kyle Lawson and loses puck.
16:36 of 3rd period - Wrist shot by Petteri Wirtanen.
16:36 of 3rd period - Goal by Petteri Wirtanen - High Goats : 8 - Tamiflu : 4.
16:37 of 3rd period - Joël Perrault wins face-off versus Nate Thompson in neutral zone.
16:42 of 3rd period - Wrist shot by Mike Brown.
16:42 of 3rd period - Stopped by Al Montoya without a rebound.
16:43 of 3rd period - Nate Thompson wins face-off versus Joël Perrault in High Goats zone.
16:58 of 3rd period - Snap shot by Alex Picard.
16:58 of 3rd period - Stopped by Al Montoya without a rebound.
16:59 of 3rd period - Greg Mauldin wins face-off versus Nick Bonino in High Goats zone.
17:00 of 3rd period - Snap shot by Jani Rita.
17:00 of 3rd period - Shot Blocked by John Erskine.
17:49 of 3rd period - Thomas Hickey is hit by Nick Spaling and loses puck.
17:56 of 3rd period - Slapshot by Pavel Trnka.
17:56 of 3rd period - Deflect By Thomas Hickey.
17:56 of 3rd period - Stopped by Al Montoya without a rebound.
17:57 of 3rd period - Greg Mauldin wins face-off versus Joël Perrault in High Goats zone.
18:52 of 3rd period - Minor Penalty to Brandon Bollig for Tripping.
18:53 of 3rd period - Alex Picard wins face-off versus Pavel Brendl in High Goats zone.
19:08 of 3rd period - Snap shot by Pavel Trnka.
19:08 of 3rd period - Goal by Pavel Trnka - High Goats : 8 - Tamiflu : 5.
19:09 of 3rd period - Nate Thompson wins face-off versus Joël Perrault in neutral zone.
19:18 of 3rd period - Snap shot by Nate Thompson.
19:18 of 3rd period - Shot Blocked by John Erskine.
19:20 of 3rd period - Slapshot by Jonathan Sigalet.
19:20 of 3rd period - Stopped by Al Montoya without a rebound.
19:21 of 3rd period - Joël Perrault wins face-off versus Nate Thompson in High Goats zone.
19:21 of 3rd period - Joël Perrault is hit by Alex Picard.
19:49 of 3rd period - Icing by Arturs Kulda.
19:50 of 3rd period - Greg Mauldin wins face-off versus Nick Bonino in High Goats zone.
Output by the SimonT Hockey Simulator (STHS) for François Prévost -- Original Page W3C XHTML 1.0 Valid